 Dungeon Crawl Stone Soup version 0.28-a0-861-ge64d6db94f (webtiles) character file.

Game seed: 9688883026848178836

3051738 karkarkar the Slayer (level 27, 187/193 HPs)
             Began as a Gargoyle Fighter on Nov 14, 2021.
             Was an Elder of Okawaru.
             Escaped with the Orb
             ... and 5 runes on Nov 15, 2021!
             The game lasted 07:15:14 (73648 turns).

karkarkar the Slayer (Gargoyle Fighter)            Turns: 73648, Time: 07:15:15

Health: 187/193    AC: 64    Str: 31    XL:     27
Magic:  32/32      EV: 14    Int:  8    God:    Okawaru [****..]
Gold:   7087       SH: 16    Dex: 16    Spells: 26/26 levels left

rFire   + . .      SeeInvis +   b - +5 broad axe (protect)
rCold   + + .      Faith    .   s - +2 kite shield "Vodghumixi" {rC+ Int-4 Dex+9 SInv}
rNeg    + + +      Spirit   .   C - +10 plate armour of Loss {rElec rN+++ rCorr Dex-5}
rPois   ∞          Reflect  .   r - +1 helmet {Int+3}
rElec   +          Harm     .   y - +2 cloak {Will+}
rCorr   +          Rampage  +   i - +2 pair of gloves {archery}
Will    ++++.                   Z - +0 pair of boots of Nygyob {Rampage rPois Slay+2}
Stlth   ..........              q - amulet of regeneration
HPRegen 0.00/turn               J - ring of Neolyeha {rF+ rC+ Will+ Int-3 SInv}
MPRegen 0.23/turn               c - +4 ring of slaying

@: flying, inhibited regen, studying 2 skills
A: sickness immunity, AC +20, big wings, negative energy resistance 1,
electricity resistance, torment resistance 1, petrification resistance, thin
skeletal structure 1, clever 1, mutation resistance 1, inhibited regeneration,
wild magic 1
0: Orb of Zot
}: 5/15 runes: decaying, slimy, silver, abyssal, gossamer
a: Renounce Religion, Heroism, Finesse


You escaped.
You worshipped Okawaru.
Okawaru was greatly pleased with you.
You visited 12 branches of the dungeon, and saw 57 of its levels.
You visited the Abyss 1 time.
You also visited: Gauntlet.

You collected 12325 gold pieces.
You spent 5238 gold pieces at shops.

Inventory:

Hand Weapons
 a - a +7 demon trident of flaming
 b - a +5 broad axe of protection (weapon)
Missiles
 f - 2 silver boomerangs
 v - 23 curare-tipped darts
 H - 31 javelins
 M - 34 atropa-tipped darts
 P - 33 silver javelins (quivered)
 R - 11 datura-tipped darts
Armour
 d - +10 gold dragon scales
 i - a +2 pair of gloves of archery (worn)
 r - a +1 helmet of intelligence (worn)
 s - the +2 kite shield "Vodghumixi" (worn) {rC+ Int-4 Dex+9 SInv}
   (Okawaru gifted it to you on level 1 of the Vaults)

   Int:       It affects your intelligence (-4).
   Dex:       It affects your dexterity (+9).
   rC:        It protects you from cold.
   SInv:      It lets you see invisible.
 t - a scarf of resistance
 y - a +2 cloak of willpower (worn)
 C - the +10 plate armour of Loss (worn) {rElec rN+++ rCorr Dex-5}
   (You found it on level 7 of the Dungeon)

   Dex:       It affects your dexterity (-5).
   rElec:     It insulates you from electricity.
   rN:        It renders you almost immune to negative energy.
   rCorr:     It protects you from acid and corrosion.
 N - the +0 pair of boots of Disappointment {Regen+ rCorr Int+4}
   (Okawaru gifted it to you on level 4 of the Swamp)

   Int:       It affects your intelligence (+4).
   Regen:     It increases your rate of health regeneration.
   rCorr:     It protects you from acid and corrosion.
 Z - the +0 pair of boots of Nygyob (worn) {Rampage rPois Slay+2}
   (Okawaru gifted it to you on level 3 of the Elven Halls)

   Slay:      It affects your accuracy & damage with ranged weapons and melee
   (+2).
   rPois:     It protects you from poison.
   Rampage:   It bestows one free step when moving towards enemies.
Jewellery
 c - a +4 ring of slaying (right hand)
 j - a ring of protection from cold
 p - an amulet of faith
 q - an amulet of regeneration (around neck)
 A - a +4 ring of slaying
 J - the ring of Neolyeha (left hand) {rF+ rC+ Will+ Int-3 SInv}
   (You bought it in a shop on level 10 of the Dungeon)

   [ring of willpower]

   Int:       It affects your intelligence (-3).
   rF:        It protects you from fire.
   rC:        It protects you from cold.
   SInv:      It lets you see invisible.
   Will:      It increases your willpower.
 T - a ring of willpower
Wands
 e - a wand of mindburst (24)
 k - a wand of digging (6)
 l - a wand of flame (152)
 D - a wand of iceblast (29)
 L - a wand of polymorph (20)
 V - a wand of acid (40)
Scrolls
 h - 7 scrolls of amnesia
 u - 18 scrolls of teleportation
 E - 4 scrolls of blinking
 K - 4 scrolls of silence
 Q - 7 scrolls of fear
 U - 8 scrolls of fog
 X - 5 scrolls of holy word
Potions
 n - 24 potions of curing
 x - 11 potions of lignification
 z - 6 potions of resistance
 B - a potion of haste
 F - 4 potions of heal wounds
 I - 4 potions of mutation
 O - 9 potions of ambrosia
 S - a potion of invisibility
 Y - 12 potions of might
Miscellaneous
 m - a lightning rod (4/4)
 W - a condenser vane


   Skills:
 - Level 25.4 Fighting
 - Level 13.8(18.0) Axes
 - Level 4.1(10.6) Maces & Flails
 - Level 18.2(19.9) Polearms
 + Level 20.3 Throwing
 - Level 23.0 Armour
 * Level 10.8 Dodging
 - Level 3.4 Stealth
 - Level 15.0 Shields
 - Level 13.2 Invocations
 - Level 13.3 Evocations


You had 26 spell levels left.
You didn't know any spells.
Your spell library contained the following spells:

 Spells                   Type           Power      Damage    Failure   Level
 Apportation              Tloc           0%         N/A       87%         1
 Beastly Appendage        Tmut           0%         N/A       87%         1
 Freeze                   Ice            0%         1d3       87%         1
 Sandblast                Erth           0%         2d4       87%         1
 Shock                    Conj/Air       0%         1d3       87%         1
 Slow                     Hex            0%         N/A       87%         1
 Sting                    Tmut/Pois      0%         1d3       87%         1
 Blink                    Tloc           0%         N/A       95%         2
 Poisonous Vapours        Pois/Air       0%         N/A       95%         2
 Static Discharge         Conj/Air       0%         N/A       95%         2
 Wereblood                Tmut           0%         N/A       95%         2
 Confusing Touch          Hex            0%         N/A       99%         3
 Dazzling Flash           Conj/Hex       0%         N/A       99%         3
 Frozen Ramparts          Ice            0%         1d2       99%         3
 Gell's Gravitas          Tloc           0%         N/A       99%         3
 Ignite Poison            Fire/Tmut/Pois 0%         N/A       99%         3
 Inner Flame              Hex/Fire       0%         N/A       99%         3
 Lesser Beckoning         Tloc           0%         N/A       99%         3
 Mephitic Cloud           Conj/Pois/Air  0%         N/A       99%         3
 Ozocubu's Armour         Ice            0%         N/A       99%         3
 Portal Projectile        Hex/Tloc       0%         N/A       99%         3
 Spider Form              Tmut/Pois      0%         N/A       99%         3
 Swiftness                Air            0%         N/A       99%         3
 Teleport Other           Tloc           0%         N/A       99%         3
 Vampiric Draining        Necr           0%         2d6       99%         3
 Airstrike                Air            0%         N/A       100%        4
 Hailstorm                Conj/Ice       0%         3d3       100%        4
 Ice Form                 Ice/Tmut       0%         N/A       100%        4
 Iskenderun's Mystic Bla  Conj/Tloc      0%         2d3       100%        4
 Olgreb's Toxic Radiance  Pois           0%         N/A       100%        4
 Passage of Golubria      Tloc           0%         N/A       100%        4
 Petrify                  Tmut/Erth      0%         N/A       100%        4
 Agony                    Necr           0%         N/A       100%        5
 Alistair's Intoxication  Tmut/Pois      0%         N/A       100%        5
 Blade Hands              Tmut           0%         N/A       100%        5
 Borgnjor's Vile Clutch   Necr/Erth      0%         N/A       100%        5
 Fireball                 Conj/Fire      0%         3d3       100%        5
 Freezing Cloud           Conj/Ice/Air   0%         6-21      100%        5
 Irradiate                Conj/Tmut      0%         3d13      100%        5
 Iskenderun's Battlesphe  Conj           0%         2d6       100%        5
 Lee's Rapid Deconstruct  Erth           0%         3d5*      100%        5
 Lightning Bolt           Conj/Air       0%         1d11      100%        5
 Manifold Assault         Tloc           0%         N/A       100%        5
 Metabolic Englaciation   Hex/Ice        0%         N/A       100%        5
 Yara's Violent Unravell  Hex/Tmut       0%         3d3       100%        5
 Dispersal                Tloc           0%         N/A       100%        6
 Eringya's Noxious Bog    Tmut/Pois      0%         N/A       100%        6
 Iron Shot                Conj/Erth      0%         9d1       100%        6
 Starburst                Conj/Fire      0%         6d3       100%        6
 Ozocubu's Refrigeration  Ice            0%         4d5       100%        7
 Storm Form               Tmut/Air       0%         N/A       100%        7
 Borgnjor's Revivificati  Necr           0%         N/A       100%        8
 Discord                  Hex            0%         N/A       100%        8
 Disjunction              Tloc           0%         N/A       100%        8
 Ignition                 Fire           0%         3d3       100%        8
 Maxwell's Capacitive Co  Air            0%         ∞         100%        8
 Necromutation            Tmut/Necr      0%         N/A       100%        8
 Chain Lightning          Conj/Air       0%         N/A       100%        9
 Death's Door             Necr           0%         N/A       100%        9
 Summon Small Mammal      Summ           Unusable   N/A       N/A         1
 Call Imp                 Summ           Unusable   N/A       N/A         2
 Call Canine Familiar     Summ           Unusable   N/A       N/A         3
 Tukima's Dance           Hex            Unusable   N/A       N/A         3
 Animate Armour           Summ/Erth      Unusable   N/A       N/A         4
 Animate Dead             Necr           Unusable   N/A       N/A         4
 Summon Ice Beast         Ice/Summ       Unusable   N/A       N/A         4
 Summon Forest            Summ/Tloc      Unusable   N/A       N/A         5
 Death Channel            Necr           Unusable   N/A       N/A         6
 Statue Form              Tmut/Erth      Unusable   N/A       N/A         6
 Infestation              Necr           Unusable   N/A       N/A         8

Dungeon Overview and Level Annotations

Branches:
Dungeon (15/15)            Temple (1/1) D:5            Lair (6/6) D:11
  Swamp (4/4) Lair:3       Spider (4/4) Lair:2        Slime (5/5) Lair:5
    Orc (2/2) D:9             Elf (3/3) Orc:2        Vaults (5/5) D:13
  Crypt (3/3) Vaults:2       Tomb (0/3) Crypt:3      Depths (4/4) D:15
    Zot (5/5) Depths:4    Gauntlet (visited)

Altars:
Ashenzari
Cheibriados
Dithmenos
Elyvilon
Fedhas
Gozag
Hepliaklqana
Kikubaaqudgha
Makhleb
Nemelex Xobeh
Okawaru
Qazlal
Ru
Trog
Uskayaw
Vehumet
Wu Jian
Xom
Yredelemnul
Zin
Beogh
Jiyva

Shops:
D:10 **!   D:15 [   Orc:1 *   Orc:2 =*([   Elf:1 =   Elf:3 :   Vaults:1 [
Vaults:3 (   Vaults:5 =!   Depths:1 ==:*

Portals:
Hell: Depths:1 Depths:2 Depths:4
Abyss: Crypt:2 Depths:3
Pandemonium: Depths:2
Ziggurat: Depths:1
Trove: Elf:2 (show slimy rune of Zot)

Annotations:
D:8 return, centaur and boulder
Elf:2 5 runed translucent doors, Roxanne
Zot:2 3 exclusions
Zot:3 northern most stairs


Innate Abilities, Weirdness & Mutations

You are immune to sickness and miasma.
Your stone body is resilient. (AC +20)
You are immune to poison.
Your large and strong wings let you fly.
You resist negative energy. (rN+)
You are resistant to electric shocks. (rElec)
You are resistant to unholy torment.
You are immune to petrification.
You have a somewhat thin skeletal structure. (Dex +2, Stealth+)
Your mind is acute. (Int +2)
You are somewhat resistant to further mutation.
You do not regenerate when monsters are visible.
Your spells are a little harder to cast, but a little more powerful.


Message History

You fly upwards.
There is a stone staircase leading down here.
Aiming: Dig
Press: ? - help, Shift-Dir - straight line This square is covered in magical glow.
The rock shatters into small pieces.
There is a stone staircase leading down here.
There is a stone staircase leading up here.
You fly upwards.
There is a stone staircase leading down here.
You feel like a meek peon again.
You gain the combat prowess of a mighty hero.
There is a stone staircase leading up here.
You fly upwards.
There is a stone staircase leading down here.
You see here a +0 halberd.
An Orb Guardian comes into view.
There is a stone staircase leading up here.
You fly upwards.
There is a stone staircase leading down here.
Aiming: Dig
Press: ? - help, Shift-Dir - straight line You can't see that place.
The rock shatters into small pieces.
You feel like a meek peon again.
There is an escape hatch in the ceiling here.
A mysterious force pulls you upwards. The hatch slams shut behind you.
Aiming: Dig
Press: ? - help, Shift-Dir - straight line You can't see that place. [the floor.]
The rock shatters into small pieces.
An Orb Guardian comes into view.
The Orb Guardian moves out of view.
The Orb Guardian completely misses you. You block the Orb Guardian's attack.
An Orb Guardian comes into view.
There is a staircase leading out of the dungeon here.
The Orb Guardian hits you. You block the Orb Guardian's attack.
You have escaped!

#.##.....########.#####..# #.###
#.##.##....##.###.#...#.#####....
#.##.#####.#..#...#.#...#.....###
#.##.# #..#.##.#.#.######.##.#
#.##.# #.##.#....#....###.##.###
#.##.# #......#..#.##..##.##....
#..#.# ########..#..#####.######
##.#.# #..#...#X###...# #.#
#.#.#####.#..X.@....#.###.######
#.#.##..#...###.#...#..##.......
#.#.#..####..#..########.......#
#.#.#.##..##.#..#......#########
##......##....#....#.##.# #
...(.##.#####.###.##.#..# #
#########...#.#...#..#.#### #
#####.#...#.###.##....#######
#.....#######.######.........


You could see 2 Orb Guardians.

Vanquished Creatures
  the Royal Jelly (Slime:5)
  3 dread liches (Zot:5)
  10 orbs of fire
  4 juggernauts
  Sojobo (Crypt:3)
  Boris (twice) (Crypt:3 Depths:3)
  Frederick (Crypt:3)
  3 Killer Klowns (Zot:5)
  A caustic shrike (Depths:4)
  9 golden dragons
  4 curse toes
  Jory (Vaults:2)
  The ghost of Hyrrirob the Devastator, a veteran GrEE of Lugonu (Crypt:2)
  A Tzitzimitl (Depths:4)
  The ghost of SirDiesAlot the Warrior, an adept MiDe of the Shining One (Vaults:3)
  4 electric golems
  26 Orb Guardians
  A walking crystal tome (Depths:4)
  26 tentacled monstrosities
  3 walking earthen tomes (Depths:4)
  4 deep elf blademasters
  6 quicksilver dragons
  6 liches
  A walking divine tome (Depths:4)
  A walking frostbound tome (Depths:4)
  2 deep elf master archers (Elf:3)
  Asterion (Vaults:2)
  4 titans
  25 acid blobs
  3 tentacled starspawn
  8 sphinxes
  Gastronok (Lair:1)
  6 ancient champions
  An Executioner (Depths:4)
  8 death cobs
  The ghost of Strat the Brawler, an adept TrCA of Ignis (Spider:2)
  3 thorn hunters
  12 storm dragons
  18 shadow dragons
  13 rockslimes
  7 draconian monks
  11 azure jellies
  3 revenants
  10 tengu reavers
  A daeva (Crypt:2)
  10 draconian knights
  21 vault wardens
  An emperor scorpion (Spider:4)
  10 frost giants
  9 fire giants
  7 ghost moths
  An iron dragon (Vaults:5)
  6 deep elf sorcerers
  5 draconian scorchers
  3 spectral caustic shrikes
  A caustic shrike zombie (Depths:3)
  8 draconian shifters
  Louise (Depths:3)
  2 spectral juggernauts (Crypt:3)
  7 deep elf elementalists (Elf:3)
  5 ghouls
  5 draconian stormcallers
  Aizul (Swamp:2)
  4 spriggan defenders
  6 draconian annihilators
  17 ironbound preservers
  24 stone giants
  A curse skull (Crypt:1)
  44 very ugly things
  4 quicksilver oozes
  11 vampire knights
  5 war gargoyles
  14 black draconians
  7 deep elf annihilators
  9 deep elf demonologists
  A spectral titan (Crypt:3)
  A minotaur (Gauntlet)
  7 entropy weavers
  6 bunyips
  15 green draconians
  10 white draconians
  15 spark wasps
  9 purple draconians
  12 yellow draconians
  8 eidola
  An eleionoma (Swamp:1)
  A green death (D:13)
  16 red draconians
  A merfolk javelineer (Depths:1)
  13 dire elephants
  10 ettins
  6 crystal guardians
  3 shambling mangroves
  Josephine (Lair:5)
  12 deep elf death magi
  6 jiangshi
  3 spectral quicksilver dragons (Crypt:3)
  11 fire dragons
  Snorg (D:13)
  13 yaktaur captains
  2 deep elf high priests (Elf:3)
  9 ironbound thunderhulks
  Erolcha (Orc:1)
  7 ice dragons
  Fannar (Orc:1)
  25 hydras
  4 rakshasas
  11 great orbs of eyes
  A quicksilver dragon skeleton (Depths:3)
  30 vault guards
  Harold (D:9)
  6 boulder beetles
  5 peacekeepers
  8 ironbound frosthearts
  2 spriggan air magi
  6 centaur warriors
  A catoblepas (D:13)
  2 ogre magi
  8 two-headed ogres
  5 dancing weapons
  6 alligators
  3 death knights
  An orc high priest (Elf:3)
  5 tengu warriors
  5 deep troll shamans
  2 spriggan berserkers
  A two-headed ogre (shapeshifter) (Depths:2)
  5 spectral storm dragons (Crypt:3)
  6 deep troll earth magi
  3 spectral spriggans (Crypt:3)
  5 vampire magi
  7 death yaks
  Urug (Lair:1)
  Sonja (D:10)
  A titan skeleton (Vaults:4)
  11 hell knights
  Nergalle (Lair:1)
  3 thrashing horrors (Abyss:2)
  9 deep elf knights
  A fire crab (Lair:6)
  9 soul eaters
  A spectral naga (Crypt:3)
  25 skeletal warriors
  5 shadow wraiths
  3 iron trolls
  8 goliath frogs
  A glowing orange brain (shapeshifter) (Depths:4)
  3 spriggan druids
  A deep troll (shapeshifter) (Depths:4)
  45 deep trolls
  3 spatial maelstroms (Abyss:2)
  An anaconda zombie (Crypt:1)
  10 flayed ghosts
  15 swamp dragons
  A spark wasp zombie (Depths:3)
  5 harpies
  16 phantasmal warriors
  8 glowing orange brains
  A tengu zombie (Vaults:4)
  2 spectral hydras (Crypt:3)
  10 wizards
  22 ironbound convokers
  11 bog bodies
  An orange crystal statue (Elf:3)
  5 deep elf archers
  8 deep elf zephyrmancers
  19 wolf spiders
  9 orb spiders
  An orc knight (Orc:2)
  51 ugly things
  A glowing shapeshifter (Vaults:4)
  6 necromancers
  8 orc sorcerers (Orc:2)
  11 lindwurms
  14 deep elf pyromancers
  3 will-o-the-wisps
  A worldbinder (Abyss:3)
  6 cyclopes
  A shining eye (Slime:4)
  A spectral ettin (Crypt:3)
  18 moths of wrath
  9 elephants
  An iron dragon skeleton (Depths:3)
  2 manticores
  3 shadow dragon skeletons
  5 black mambas
  A shock serpent zombie (Crypt:3)
  A dire elephant zombie (Crypt:3)
  A rust devil (Depths:3)
  2 apocalypse crabs
  A guardian serpent (shapeshifter) (D:13)
  21 vault sentinels
  A fire giant skeleton (Crypt:2)
  2 smoke demons
  An eye of devastation (shapeshifter) (Elf:2)
  2 torpor snails
  2 eyes of devastation
  A water nymph (Depths:2)
  10 cane toads
  2 orange demons
  2 molten gargoyles (Lair:6)
  2 kobold demonologists (D:10)
  Maggie (Lair:2)
  A torpor snail (shapeshifter) (D:14)
  2 hellions
  2 cane toads (shapeshifter)
  An anaconda simulacrum (Crypt:3)
  3 rime drakes
  10 komodo dragons
  2 efreet
  16 demonic crawlers
  18 freezing wraiths
  27 yaktaurs
  A rime drake (shapeshifter) (Elf:1)
  4 spectral harpies (Crypt:3)
  An alligator snapping turtle skeleton (Crypt:1)
  An ice devil (Depths:2)
  An ancient zyme (Abyss:2)
  5 tengu conjurers
  6 trolls
  A hornet (shapeshifter) (Depths:3)
  26 jumping spiders
  A queen bee (Lair:4)
  3 meliai (Lair:4)
  A jumping spider (shapeshifter) (Depths:4)
  A bloated husk (Swamp:1)
  2 tyrant leeches (shapeshifter)
  A death drake zombie (Crypt:2)
  6 polar bears
  A harpy skeleton (Crypt:1)
  A tarantella zombie (Crypt:2)
  29 hornets
  6 blink frogs
  10 tyrant leeches
  17 dream sheep
  3 raiju (Abyss:2)
  A guardian serpent zombie (Crypt:1)
  67 slime creatures
  A snapping turtle (shapeshifter) (Crypt:2)
  3 flying skulls (Crypt:3)
  2 air elementals
  12 spriggans
  20 shadows
  56 redbacks
  A spriggan simulacrum (Crypt:3)
  18 tarantellas
  8 water elementals
  7 centaur simulacra
  A yak (shapeshifter) (Depths:4)
  48 yaks
  7 wyverns
  6 vampires
  8 wraiths
  A ynoxinul (D:15)
  A redback (shapeshifter) (Vaults:5)
  5 golden eyes (Slime:5)
  7 basilisks
  A chaos spawn (Depths:2)
  2 neqoxecs (Abyss:2)
  5 spatial vortices (Abyss:2)
  A glowing shapeshifter zombie (Crypt:2)
  4 vampire mosquitoes (D:11)
  A harpy simulacrum (Crypt:3)
  4 steam dragons
  28 swamp worms
  A swamp worm (shapeshifter) (Crypt:2)
  7 wargs (Orc:2)
  3 acid dragons
  13 water moccasins
  4 hell hounds (Lair:6)
  2 large abominations (Abyss:2)
  2 floating eyes (Depths:4)
  A hornet zombie (D:7)
  3 ice beasts
  17 orc warriors
  2 sky beasts (D:7)
  9 swamp drakes
  2 black bears (shapeshifter)
  A black bear (D:5)
  3 small abominations (Abyss:2)
  24 wolves
  6 necrophages
  3 boggarts (Vaults:1)
  A dream sheep skeleton (Crypt:2)
  8 ogres
  6 centaurs
  A phantom (D:5)
  3 kobold brigands
  16 bullfrogs
  An ogre simulacrum (Vaults:4)
  A naga simulacrum (Abyss:2)
  3 scorpions
  4 earth elementals
  2 wyvern zombies
  A glowing shapeshifter simulacrum (Vaults:4)
  A cyclops skeleton (Crypt:1)
  A water moccasin zombie (D:6)
  38 killer bees
  A raiju zombie (Crypt:3)
  A polar bear skeleton (Crypt:1)
  A warg skeleton (Crypt:1)
  A vampire bat (D:13)
  9 wights
  4 howler monkeys
  6 electric eels
  5 lava snakes (Lair:6)
  15 starcursed masses (Abyss:2)
  A crimson imp (Abyss:2)
  A centaur zombie (D:9)
  2 jellies
  A hound (D:5)
  A bullfrog skeleton (D:5)
  8 orc priests
  A wyvern simulacrum (Gauntlet)
  A centaur skeleton (D:6)
  Jessica (D:3)
  A human skeleton (Crypt:2)
  4 iguanas
  39 orc wizards
  A hound zombie (D:5)
  Robin (D:3)
  6 gnolls (D:3)
  8 adders
  A swamp drake zombie (Crypt:3)
  4 shadow imps
  A swamp drake skeleton (Crypt:2)
  4 ufetubi
  An adder zombie (Crypt:1)
  A worm (shapeshifter) (Crypt:2)
  2 dart slugs (D:1)
  72 orcs
  6 ball pythons
  2 bat skeletons
  4 bat zombies (D:13)
  3 endoplasms
  2 giant cockroaches (D:3)
  A goblin (shapeshifter) (Vaults:5)
  12 goblins
  14 hobgoblins
  6 quokkas
  2 bats (D:2)
  3 frilled lizards
  17 kobolds
  A quokka skeleton (Crypt:3)
  A quokka zombie (Crypt:2)
  5 rats
  A spectral kobold (D:1)
  A bush (Vaults:3)
  A plant (Lair:3)
  2 starspawn tentacles
2361 creatures vanquished.

Vanquished Creatures (others)
  2 vampire knights
  A purple draconian (Zot:2)
  A fire dragon (Depths:4)
  A rime drake (Swamp:4)
  A bloated husk (Swamp:1)
  A boggart (Vaults:1)
  2 orcs (Orc:2)
  12 foxfires
  24 fungi
  71 plants
  4 starspawn tentacles
120 creatures vanquished.

Grand Total: 2481 creatures vanquished

Notes
Turn   | Place    | Note
-------+----------+-------------------------------------------
     0 | D:1      | karkarkar the Gargoyle Fighter began the quest for the Orb.
     0 | D:1      | Reached XP level 1. HP: 14/14 MP: 1/1
   273 | D:1      | Found a faded altar of an unknown god.
   355 | D:1      | Reached XP level 2. HP: 18/19 MP: 2/2
  1006 | D:1      | Reached XP level 3. HP: 24/24 MP: 3/3
  1586 | D:2      | Reached skill level 1 in Polearms
  1667 | D:2      | Reached XP level 4. HP: 25/29 MP: 4/4
  1668 | D:2      | Reached skill level 4 in Fighting
  2688 | D:3      | Reached XP level 5. HP: 30/33 MP: 5/5
  3259 | D:3      | Noticed Jessica
  3275 | D:3      | Killed Jessica
  3276 | D:3      | Reached skill level 1 in Throwing
  3426 | D:3      | Noticed Robin
  3436 | D:3      | Killed Robin
  3438 | D:3      | Reached XP level 6. HP: 32/38 MP: 6/6
  3766 | D:4      | Noticed a necrophage
  3785 | D:4      | Killed a necrophage
  3984 | D:4      | Noticed a necrophage
  4019 | D:4      | Killed a necrophage
  4473 | D:5      | Entered Level 5 of the Dungeon
  4483 | D:5      | Reached XP level 7. HP: 44/44 MP: 7/7
  4732 | D:5      | Identified a scroll of acquirement
  4732 | D:5      | Acquired a +1 helmet of intelligence
  5124 | D:5      | Reached skill level 5 in Armour
  5124 | D:5      | Reached skill level 1 in Stealth
  5124 | D:5      | Reached skill level 1 in Evocations
  5135 | D:5      | Reached XP level 8. HP: 34/48 MP: 8/8
  5923 | D:5      | Found a staircase to the Ecumenical Temple.
  5961 | Temple   | Entered the Ecumenical Temple
  6007 | Temple   | Became a worshipper of Warmaster Okawaru
  6235 | D:6      | Reached skill level 5 in Fighting
  6647 | D:6      | Reached * piety under Okawaru
  6996 | D:6      | Reached skill level 5 in Throwing
  7113 | D:6      | Reached XP level 9. HP: 44/54 MP: 6/9
  7913 | D:7      | Identified the +10 plate armour of Loss {rElec rN+++ rCorr
                  | Dex-5}
  8120 | D:7      | Reached ** piety under Okawaru
  8227 | D:7      | Reached skill level 5 in Polearms
  8535 | D:8      | Reached skill level 6 in Fighting
  8959 | D:8      | Noticed a komodo dragon
  8961 | D:8      | Noticed a centaur warrior
  8964 | D:8      | Noticed a boulder beetle
  8984 | D:8      | Killed a komodo dragon
  8985 | D:8      | Reached skill level 1 in Invocations
  8985 | D:8      | Reached XP level 10. HP: 51/60 MP: 7/10
  9232 | D:9      | Found a hide-covered altar of Uskayaw.
  9414 | D:9      | Reached *** piety under Okawaru
  9677 | D:9      | Noticed Harold
  9742 | D:9      | Killed Harold
 10224 | D:9      | Found a staircase to the Orcish Mines.
 10520 | D:10     | Entered Level 10 of the Dungeon
 10558 | D:10     | Noticed a two-headed ogre
 10566 | D:10     | Killed a two-headed ogre
 10566 | D:10     | Reached **** piety under Okawaru
 10567 | D:10     | Reached skill level 7 in Fighting
 10603 | D:10     | Reached XP level 11. HP: 66/67 MP: 9/12
 10669 | D:10     | Found Vahoublu's General Store.
 10680 | D:10     | Bought 2 curare-tipped darts for 15 gold pieces
 10680 | D:10     | Bought a scroll of blinking for 97 gold pieces
 10680 | D:10     | Bought a potion of heal wounds for 65 gold pieces
 10702 | D:10     | Noticed Sonja
 10725 | D:10     | Killed Sonja
 10725 | D:10     | Received a gift from Okawaru
 10890 | D:10     | Noticed a soul eater
 10909 | D:10     | Noticed a soul eater
 10926 | D:10     | Noticed a soul eater
 10959 | D:10     | Gained mutation: You are clumsy. (Dex -2) [a neqoxec]
 10965 | D:10     | Noticed a soul eater
 10981 | D:10     | Received a gift from Okawaru
 11259 | D:10     | Received a gift from Okawaru
 11432 | D:10     | Found Ahode's Distillery.
 11459 | D:10     | Bought a potion of curing for 36 gold pieces
 11459 | D:10     | Bought a potion of curing for 36 gold pieces
 11459 | D:10     | Bought a potion of heal wounds for 60 gold pieces
 11459 | D:10     | Bought a potion of curing for 36 gold pieces
 11826 | D:10     | Found Hixonah's Assorted Antiques.
 11834 | D:10     | Bought a smoking marble ring for 95 gold pieces
 11834 | D:10     | Identified the ring of Neolyeha {rF+ rC+ Will+ Int-3 SInv}
                  | (You bought it in a shop on level 10 of the Dungeon)
 12044 | D:11     | Noticed a two-headed ogre
 12070 | D:11     | Killed a two-headed ogre
 12070 | D:11     | Reached ***** piety under Okawaru
 12128 | D:11     | Found a staircase to the Lair.
 12134 | D:11     | Noticed a four-headed hydra
 12166 | D:11     | Killed a four-headed hydra
 12402 | D:11     | Noticed a cyan ugly thing
 12420 | D:11     | Killed a cyan ugly thing
 12420 | D:11     | Received a gift from Okawaru
 12421 | D:11     | Reached skill level 8 in Fighting
 12421 | D:11     | Reached skill level 10 in Armour
 12777 | D:11     | Noticed a cyclops
 12788 | D:11     | Killed a cyclops
 12922 | D:11     | You fall into a shaft and drop 1 floor!
 12952 | D:12     | Received a gift from Okawaru
 12953 | D:12     | Reached XP level 12. HP: 72/73 MP: 11/13
 12956 | D:12     | Noticed a centaur warrior
 12975 | D:12     | Killed a centaur warrior
 12975 | D:12     | Noticed a five-headed hydra
 12989 | D:12     | Killed a five-headed hydra
 13068 | D:12     | Identified the +6 glaive of Okawaru's Generosity {vorpal,
                  | rF+} (Okawaru gifted it to you on level 12 of the Dungeon)
 13068 | D:12     | Received a gift from Okawaru
 13187 | D:12     | Identified the +4 short sword "Xiumid" {spect, rF+ rC+}
 13642 | Lair:1   | Entered Level 1 of the Lair of Beasts
 13935 | Lair:1   | Noticed Nergalle
 13943 | Lair:1   | Killed Nergalle
 13944 | Lair:1   | Reached skill level 10 in Polearms
 14170 | Lair:1   | Noticed a five-headed hydra
 14177 | Lair:1   | Killed a five-headed hydra
 14242 | Lair:1   | Noticed Urug
 14256 | Lair:1   | Killed Urug
 14256 | Lair:1   | Received a gift from Okawaru
 14309 | Lair:1   | Noticed Gastronok
 14355 | Lair:1   | Killed Gastronok
 14356 | Lair:1   | Reached skill level 9 in Fighting
 14356 | Lair:1   | Reached skill level 10 in Throwing
 15294 | Lair:2   | Noticed Maggie
 15326 | Lair:2   | Killed Maggie
 15327 | Lair:2   | Reached XP level 13. HP: 75/80 MP: 13/15
 16125 | Lair:2   | Found a hole to the Spider Nest.
 16391 | Lair:2   | Got the Incunabulum of Sinister Weightlessness
 16392 | Lair:2   | Identified the +7 shortbow of Resourcefulness {freeze,
                  | Contam rPois rCorr Dex+7}
 17444 | Lair:3   | Found a staircase to the Swamp.
 17858 | Lair:4   | Reached skill level 5 in Evocations
 17948 | Lair:4   | Received a gift from Okawaru
 18009 | Lair:4   | Reached skill level 10 in Fighting
 18493 | Lair:4   | Received a gift from Okawaru
 18579 | Lair:4   | Gained mutation: Your large and strong wings let you fly.
                  | [Gargoyle growth]
 18579 | Lair:4   | Reached XP level 14. HP: 88/88 MP: 15/17
 19535 | Lair:5   | Found a gate leading to a gauntlet.
 19543 | Gauntlet | Entered a Gauntlet
 19543 | Gauntlet | Found a transporter.
 19560 | Gauntlet | Found a transporter.
 19588 | Gauntlet | Found a transporter.
 19607 | Gauntlet | Found a transporter.
 19613 | Gauntlet | Found a transporter.
 19632 | Gauntlet | Found a transporter.
 19652 | Gauntlet | Found a transporter.
 19674 | Gauntlet | Found a transporter.
 19686 | Gauntlet | Found a transporter.
 19696 | Gauntlet | Found a transporter.
 19696 | Gauntlet | Found a transporter.
 19719 | Gauntlet | Found a transporter.
 19731 | Gauntlet | Found a transporter.
 19750 | Gauntlet | Found a transporter.
 19771 | Gauntlet | Found a transporter.
 19808 | Gauntlet | Found a transporter.
 19818 | Gauntlet | Received a gift from Okawaru
 19831 | Gauntlet | Found a transporter.
 19837 | Gauntlet | Identified the +8 scimitar of Indomitability {holy, rPois}
 19842 | Gauntlet | Found a transporter.
 20477 | Lair:5   | Noticed Josephine
 20492 | Lair:5   | Killed Josephine
 21017 | Lair:5   | Reached skill level 11 in Fighting
 21035 | Lair:5   | Reached skill level 5 in Invocations
 21054 | Lair:5   | Identified the +3 glaive of Evil {freeze, Dex+4 Stlth+}
                  | (Okawaru gifted it to you on level 5 of the Lair of Beasts)
 21054 | Lair:5   | Received a gift from Okawaru
 21560 | Lair:5   | Found a runed translucent door.
 21560 | Lair:5   | Found a viscous altar of Jiyva.
 21560 | Lair:5   | Noticed an acid blob
 21561 | Lair:5   | Found a staircase to the Slime Pits.
 21561 | Lair:5   | Noticed an acid blob
 21561 | Lair:5   | Noticed an acid blob
 21585 | Lair:6   | Entered Level 6 of the Lair of Beasts
 22116 | Lair:6   | Identified the +0 ring mail of the Moon Troll {rElec rC-
                  | Dex-3 SInv} (Okawaru gifted it to you on level 6 of the
                  | Lair of Beasts)
 22116 | Lair:6   | Received a gift from Okawaru
 22279 | Lair:6   | Reached ****** piety under Okawaru
 22289 | Lair:6   | Reached skill level 12 in Fighting
 22353 | Lair:6   | Reached XP level 15. HP: 93/96 MP: 19/19
 22372 | Lair:6   | Found a large runed translucent door.
 22373 | Lair:6   | Found a large runed translucent door.
 23300 | Orc:1    | Entered Level 1 of the Orcish Mines
 23300 | Orc:1    | Noticed Erolcha
 23304 | Orc:1    | Killed Erolcha
 23436 | Orc:1    | Found Haahih's General Store.
 23603 | Orc:2    | Entered Level 2 of the Orcish Mines
 23685 | Orc:2    | Found a radiant altar of Vehumet.
 23823 | Orc:2    | Reached skill level 5 in Shields
 23829 | Orc:2    | Reached skill level 13 in Fighting
 23836 | Orc:2    | Received a gift from Okawaru
 23981 | Orc:2    | Found Hourusch's Antique Armour Emporium.
 23981 | Orc:2    | Found Diohiuw's Weapon Boutique.
 24188 | Orc:2    | Found Nalo's General Store.
 24188 | Orc:2    | Found Zusch's Jewellery Boutique.
 24194 | Orc:2    | Bought a scroll of enchant weapon for 112 gold pieces
 24305 | Orc:2    | Found a staircase to the Elven Halls.
 24577 | Orc:1    | Noticed Fannar
 24595 | Orc:1    | Killed Fannar
 24595 | Orc:1    | Received a gift from Okawaru
 24802 | Orc:2    | Bought a +4 ring of slaying for 780 gold pieces
 24861 | Orc:1    | Bought 2 potions of heal wounds for 160 gold pieces
 24939 | D:10     | Bought 2 potions of curing for 114 gold pieces
 25105 | Swamp:1  | Entered Level 1 of the Swamp
 25291 | Swamp:1  | Identified the -3 pair of boots "Quacak" {rN+ Int+4 SInv}
 26084 | Swamp:2  | Noticed Aizul
 26692 | Swamp:2  | Reached skill level 14 in Fighting
 26724 | Swamp:2  | Killed Aizul
 27956 | Swamp:3  | Reached XP level 16. HP: 107/107 MP: 22/22
 28135 | Swamp:3  | Identified the +8 hand crossbow "Nejegg" {freeze, rElec
                  | Str+2 Dex-4} (Okawaru gifted it to you on level 3 of the
                  | Swamp)
 28135 | Swamp:3  | Received a gift from Okawaru
 28308 | Swamp:3  | Acquired 1274 gold pieces
 28632 | Swamp:4  | Entered Level 4 of the Swamp
 28986 | Swamp:3  | Received a gift from Okawaru
 29138 | Swamp:4  | Noticed a thorn hunter
 29154 | Swamp:4  | Identified the +9 hand crossbow of Lolosh {freeze, rC-
                  | Int+5 Stlth+} (Okawaru gifted it to you on level 4 of the
                  | Swamp)
 29154 | Swamp:4  | Received a gift from Okawaru
 29166 | Swamp:4  | Killed a thorn hunter
 29322 | Swamp:4  | Got a decaying rune of Zot
 29584 | Swamp:4  | Reached skill level 15 in Fighting
 29614 | Swamp:4  | Received a gift from Okawaru
 29725 | Swamp:4  | Identified the +0 pair of boots of Disappointment {Regen+
                  | rCorr Int+4} (Okawaru gifted it to you on level 4 of the
                  | Swamp)
 29725 | Swamp:4  | Received a gift from Okawaru
 30219 | Swamp:4  | Acquired 1228 gold pieces
 30439 | D:10     | Bought a wand of acid (13) for 442 gold pieces
 30492 | Orc:1    | Bought a wand of acid (10) for 448 gold pieces
 30522 | Orc:2    | Bought a shimmering plate armour for 672 gold pieces
 30522 | Orc:2    | Identified the +1 plate armour of Wicked Leaves {rF+
                  | Slay+3} (You bought it in a shop on level 2 of the Orcish
                  | Mines)
 30631 | Spider:1 | Entered Level 1 of the Spider Nest
 30908 | Spider:2 | Found a runed translucent door.
 30908 | Spider:2 | Noticed Strat's ghost (adept TrCA)
 31068 | Spider:2 | Reached XP level 17. HP: 113/113 MP: 24/24
 31974 | Spider:3 | Identified the +2 ring mail of Kubbig {+Inv rC+} (Okawaru
                  | gifted it to you on level 3 of the Spider Nest)
 31974 | Spider:3 | Received a gift from Okawaru
 32046 | Spider:3 | Reached skill level 10 in Invocations
 32316 | Spider:4 | Entered Level 4 of the Spider Nest
 32540 | Spider:4 | Reached skill level 10 in Evocations
 32717 | Spider:4 | Reached skill level 16 in Fighting
 33484 | Spider:4 | Received a gift from Okawaru
 33639 | Spider:4 | Got a gossamer rune of Zot
 33924 | D:12     | Received a gift from Okawaru
 34656 | D:13     | Found a gate to the Vaults.
 34831 | D:13     | Found an ancient bone altar of Kikubaaqudgha.
 34942 | D:13     | Received a gift from Okawaru
 35118 | D:13     | Noticed Snorg
 35125 | D:13     | Killed Snorg
 35238 | D:14     | Reached XP level 18. HP: 122/122 MP: 23/26
 35501 | D:14     | Got Ifaxtiv's Incunabulum of Creation and Venom
 35904 | D:15     | Entered Level 15 of the Dungeon
 35904 | D:15     | Found a staircase to the Depths.
 36188 | D:15     | Identified the +3 trident of Abomp {vorpal, rC+ Dex+7}
 36354 | D:15     | Found Latexzoc's Antique Armour Boutique.
 36393 | D:15     | Bought a glowing kite shield for 232 gold pieces
 36640 | D:15     | Bought a crude plate armour for 868 gold pieces
 36640 | D:15     | Identified the +7 plate armour "Ivommeha" {+Blink} (You
                  | bought it in a shop on level 15 of the Dungeon)
 36741 | Vaults:1 | Entered Level 1 of the Vaults
 36752 | Vaults:1 | Found Zetoss's Armour Boutique.
 36766 | Vaults:1 | Bought a +2 pair of gloves of archery for 279 gold pieces
 36800 | Vaults:1 | Reached skill level 17 in Fighting
 36921 | Vaults:1 | Received a gift from Okawaru
 37226 | Vaults:1 | Received a gift from Okawaru
 37452 | Vaults:1 | Identified the +2 kite shield "Vodghumixi" {rC+ Int-4 Dex+9
                  | SInv} (Okawaru gifted it to you on level 1 of the Vaults)
 37452 | Vaults:1 | Received a gift from Okawaru
 37853 | Vaults:1 | Reached skill level 10 in Shields
 37866 | Vaults:1 | Reached XP level 19. HP: 128/128 MP: 28/28
 38424 | Vaults:2 | Found a staircase to the Crypt.
 38574 | Vaults:2 | Noticed Jory
 38603 | Vaults:2 | Killed Jory
 38608 | Vaults:2 | Received a gift from Okawaru
 38651 | Vaults:2 | Reached skill level 18 in Fighting
 38692 | Vaults:2 | Received a gift from Okawaru
 38964 | Vaults:2 | Noticed Asterion
 38970 | Vaults:2 | Killed Asterion
 40409 | Vaults:3 | Received a gift from Okawaru
 40672 | Vaults:3 | Reached XP level 20. HP: 136/137 MP: 29/29
 40832 | Vaults:3 | Identified the +9 halberd "Haev Giq" {vamp, Will+ Stlth+}
                  | (Okawaru gifted it to you on level 3 of the Vaults)
 40832 | Vaults:3 | Received a gift from Okawaru
 41080 | Vaults:3 | Reached skill level 19 in Fighting
 41141 | Vaults:3 | Received a gift from Okawaru
 41230 | Vaults:3 | Reached skill level 15 in Shields
 41247 | Vaults:3 | Received a gift from Okawaru
 41367 | Vaults:3 | Found Reivuh's Weapon Shoppe.
 41371 | Vaults:3 | Noticed SirDiesAlot's ghost (adept MiDe)
 41388 | Vaults:3 | Found a runed translucent door.
 41428 | Vaults:3 | Identified the +4 chain mail "Ciri" {Harm Int+4} (Okawaru
                  | gifted it to you on level 3 of the Vaults)
 41428 | Vaults:3 | Received a gift from Okawaru
 41939 | Vaults:4 | Reached skill level 15 in Throwing
 42283 | Vaults:4 | Reached skill level 20 in Fighting
 42305 | Vaults:4 | Identified the +0 chain mail of Amorality {Rampage Regen+
                  | Dex-5 SInv}
 42527 | Vaults:4 | Received a gift from Okawaru
 43081 | Vaults:4 | Reached XP level 21. HP: 139/147 MP: 30/30
 43761 | Spider:2 | Killed Strat's ghost
 43969 | Crypt:1  | Entered Level 1 of the Crypt
 44122 | Crypt:1  | Received a gift from Okawaru
 44140 | Crypt:1  | Identified the +4 flail "Ihayf" {vorpal, rN+ rCorr Int+5}
 44534 | Crypt:1  | Received a gift from Okawaru
 44708 | Crypt:1  | Reached skill level 21 in Fighting
 44932 | Crypt:1  | Identified the +0 cloak of the Okapi {Int+4 SInv Stlth+}
                  | (Okawaru gifted it to you on level 1 of the Crypt)
 44932 | Crypt:1  | Received a gift from Okawaru
 45418 | Crypt:2  | Identified the +1 robe "Usaivet" {rF+}
 45633 | Crypt:2  | Found a one-way gate to the infinite horrors of the Abyss.
 45633 | Crypt:2  | Noticed Hyrrirob's ghost (veteran GrEE)
 45836 | Crypt:2  | Found a transporter.
 45836 | Crypt:2  | Found a transporter.
 45839 | Crypt:2  | Identified the +8 dagger "Giffu" {drain, rC+}
 45983 | Crypt:3  | Entered Level 3 of the Crypt
 46167 | Crypt:3  | Reached skill level 22 in Fighting
 46208 | Crypt:3  | Found a staircase to the Tomb.
 46219 | Crypt:3  | Noticed Frederick
 46227 | Crypt:3  | Killed Frederick
 46227 | Crypt:3  | Received a gift from Okawaru
 46252 | Crypt:3  | Received a gift from Okawaru
 46266 | Crypt:3  | Found a magical portal.
 46362 | Crypt:3  | Noticed Sojobo
 46365 | Crypt:3  | Paralysed by an air elemental for 1 turns
 46400 | Crypt:3  | Killed Sojobo
 46423 | Crypt:3  | Reached skill level 15 in Polearms
 46776 | Crypt:3  | Found a basalt altar of Yredelemnul.
 46995 | Crypt:3  | Received a gift from Okawaru
 47062 | Crypt:3  | Reached XP level 22. HP: 141/158 MP: 31/31
 47312 | Crypt:3  | Noticed Boris
 47323 | Crypt:3  | Killed Boris
 47904 | Crypt:3  | Identified the +11 short sword of Duty {vorpal, rN+ Int+6}
 48026 | Crypt:3  | Reached skill level 23 in Fighting
 48514 | Elf:1    | Entered Level 1 of the Elven Halls
 48783 | Elf:1    | Found Dait's Jewellery Boutique.
 48949 | Elf:1    | Received a gift from Okawaru
 49198 | Elf:1    | Got Ycyuso's Tome of Combat Magic
 49584 | Elf:2    | Found a portal to a secret trove of treasure.
 49598 | Elf:2    | Paralysed by an air elemental for 1 turns
 49825 | Elf:2    | Identified Roxanne's Incunabulum of Moulding
 49825 | Elf:2    | Noticed Roxanne
 49893 | Elf:2    | Found a huge runed translucent gate.
 49893 | Elf:2    | Found a huge runed translucent gate.
 49893 | Elf:2    | Found a huge runed translucent gate.
 49893 | Elf:2    | Found a huge runed translucent gate.
 49894 | Elf:2    | Found a huge runed translucent gate.
 50270 | Elf:3    | Entered Level 3 of the Elven Halls
 50453 | Elf:3    | Paralysed by an air elemental for 1 turns
 50532 | Elf:3    | Found Waduco's Book Shoppe.
 50616 | Elf:3    | Received a gift from Okawaru
 50674 | Elf:3    | Identified the +7 rapier of Big Damage {freeze, rC+ Dex+2}
 51355 | Elf:3    | Received a gift from Okawaru
 51475 | Elf:3    | Identified the +11 dagger "Boseys" {holy, rPois rF+ Int-2}
 51480 | Elf:3    | Received a gift from Okawaru
 51618 | Elf:3    | Identified the +0 pair of boots of Nygyob {Rampage rPois
                  | Slay+2} (Okawaru gifted it to you on level 3 of the Elven
                  | Halls)
 51618 | Elf:3    | Received a gift from Okawaru
 51667 | Elf:3    | Identified the ring "Avvu" {Wiz rElec}
 51747 | Elf:3    | Identified the +3 eveningstar "Ciwaj" {flame, rElec rN+++
                  | Int-5 Stlth+}
 51756 | Elf:3    | Identified the +0 hunting sling of Minguk {flame, rPois
                  | rC+}
 52199 | Depths:1 | Entered Level 1 of the Depths
 52263 | Depths:1 | Found a gateway to Hell.
 52283 | Depths:1 | Reached XP level 23. HP: 165/167 MP: 32/32
 52314 | Depths:1 | Reached skill level 24 in Fighting
 52593 | Depths:1 | Found a gateway to a ziggurat.
 52902 | Depths:1 | Found Pestryebe's Jewellery Boutique.
 52905 | Depths:1 | Found Ycenisch's Book Shoppe.
 52908 | Depths:1 | Found Retan's Jewellery Boutique.
 52974 | Depths:1 | Found Monai's Assorted Antiques.
 52980 | Depths:1 | Bought a fading buckler for 313 gold pieces
 52980 | Depths:1 | Identified the +2 buckler of Refuge {rC+ rN+} (You bought
                  | it in a shop on level 1 of the Depths)
 53344 | Depths:2 | Cast into level 2 of the Abyss (hell knight)
 53394 | Abyss:2  | Found a shadowy altar of Dithmenos.
 53404 | Abyss:2  | Got Coash's Almanac of Curses and Summoning
 53475 | Abyss:2  | Gained mutation: You are frail. (-10% HP) [a neqoxec]
 53844 | Abyss:3  | Got an abyssal rune of Zot
 53930 | Abyss:3  | Received a gift from Okawaru
 53967 | Depths:2 | Escaped the Abyss
 54220 | Depths:2 | Noticed a juggernaut
 54242 | Depths:2 | Killed a juggernaut
 54278 | Depths:2 | Received a gift from Okawaru
 54327 | Depths:2 | Got the Guide on Doomed Malediction
 54489 | Depths:2 | Lost mutation: You are clumsy. (Dex -2) [potion of
                  | mutation]
 54489 | Depths:2 | Lost mutation: You are frail. (-10% HP) [potion of
                  | mutation]
 54489 | Depths:2 | Gained mutation: You have a somewhat thin skeletal
                  | structure. (Dex +2, Stealth+) [potion of mutation]
 54489 | Depths:2 | Gained mutation: You are agile. (Dex +2) [potion of
                  | mutation]
 54692 | Depths:2 | Found a one-way gate leading to the halls of Pandemonium.
 54699 | Depths:2 | Reached skill level 25 in Fighting
 55083 | Depths:2 | Found an opulent altar of Gozag.
 55280 | Depths:3 | Noticed Louise
 55290 | Depths:3 | Killed Louise
 55323 | Depths:3 | Noticed Boris
 55336 | Depths:3 | Killed Boris
 55337 | Depths:3 | Reached XP level 24. HP: 161/176 MP: 32/32
 55430 | Depths:3 | Found a broken altar of Ashenzari.
 55445 | Depths:3 | Identified the +0 chain mail "Kecvif" {Rampage Str+2}
 55455 | Depths:3 | You are sucked into a shaft and drop 1 floor!
 55455 | Depths:4 | Entered Level 4 of the Depths
 55508 | Depths:4 | Found a gate to the Realm of Zot.
 55609 | Depths:4 | Noticed a juggernaut
 55632 | Depths:4 | Killed a juggernaut
 55718 | Depths:4 | Found a blossoming altar of Fedhas.
 55719 | Depths:4 | Found a stormy altar of Qazlal.
 55987 | Depths:4 | Found a blossoming altar of Fedhas.
 56278 | Depths:4 | Received a gift from Okawaru
 56300 | Depths:4 | Reached skill level 5 in Axes
 56473 | Depths:4 | Noticed a caustic shrike
 56479 | Depths:4 | Killed a caustic shrike
 56479 | Depths:4 | Received a gift from Okawaru
 56479 | Depths:4 | Found the +6 Majin-Bo {vamp, MP+6 Int+6}
 56836 | Depths:4 | Acquired 441 gold pieces
 56883 | Depths:4 | Paralysed by a floating eye for 2 turns
 56940 | Depths:4 | Noticed a juggernaut
 56955 | Depths:4 | Killed a juggernaut
 57007 | Depths:4 | Received a gift from Okawaru
 57060 | Depths:4 | Reached skill level 10 in Axes
 57138 | Depths:4 | Noticed a juggernaut
 57146 | Depths:4 | Killed a juggernaut
 57582 | Slime:1  | Entered Level 1 of the Pits of Slime
 57823 | Slime:2  | Reached XP level 25. HP: 157/182 MP: 32/32
 57981 | Slime:5  | Entered Level 5 of the Pits of Slime
 58574 | Slime:5  | Noticed the Royal Jelly
 58588 | Slime:5  | Killed the Royal Jelly
 58588 | Slime:5  | Received a gift from Okawaru
 58927 | Slime:5  | Got a slimy rune of Zot
 58942 | Slime:5  | Identified the +4 chain mail of Hubris {Fly Str+7}
 58954 | Slime:5  | Identified the +5 trident "Killer Bee's Death" {drain, rF+}
 59023 | Slime:5  | Identified the +2 scale mail of Qeuran {rCorr SInv}
 59696 | Zot:1    | Entered Level 1 of the Realm of Zot
 59920 | Zot:1    | Received a gift from Okawaru
 61368 | Zot:1    | Upgraded the game from 0.28-a0-851-g8b9cc49659 to
                  | 0.28-a0-861-ge64d6db94f
 61968 | Crypt:2  | Killed Hyrrirob's ghost
 62002 | Crypt:2  | Identified the +0 helmet of Xetev {+Blink rPois}
 62028 | Crypt:2  | Received a gift from Okawaru
 62283 | Vaults:3 | Killed SirDiesAlot's ghost
 62284 | Vaults:3 | Reached skill level 15 in Armour
 62305 | Vaults:3 | Got Etoq's Reference Book on Stones
 62765 | Zot:1    | Reached skill level 1 in Dodging
 63307 | Zot:2    | Received a gift from Okawaru
 63308 | Zot:2    | Reached XP level 26. HP: 155/188 MP: 32/32
 64100 | Zot:2    | Noticed an orb of fire
 64106 | Zot:2    | Killed an orb of fire
 65378 | Zot:3    | Noticed an orb of fire
 65388 | Zot:3    | Gained mutation: Your magical capacity is low. (-10% MP)
                  | [an orb of fire]
 65388 | Zot:3    | Gained mutation: Your magical capacity is very low. (-20%
                  | MP) [an orb of fire]
 65397 | Zot:3    | Gained mutation: You are somewhat resistant to further
                  | mutation. [an orb of fire]
 65414 | Zot:3    | Killed an orb of fire
 66339 | Zot:3    | Received a gift from Okawaru
 66639 | Zot:3    | Received a gift from Okawaru
 66736 | Zot:3    | Received a gift from Okawaru
 66800 | Zot:3    | Identified the +9 shortbow "Jaoxinos" {venom, Int+2}
 66969 | Zot:4    | Reached skill level 5 in Dodging
 66989 | Zot:3    | Identified the +4 rapier of Guile {vorpal, Fragile rElec
                  | rF++ Dex+3} (Okawaru gifted it to you on level 3 of the
                  | Realm of Zot)
 66989 | Zot:3    | Received a gift from Okawaru
 67410 | Zot:4    | Reached XP level 27. HP: 193/193 MP: 26/26
 68426 | Vaults:5 | Entered Level 5 of the Vaults
 68912 | Vaults:5 | Received a gift from Okawaru
 69101 | Vaults:5 | Got a silver rune of Zot
 69107 | Vaults:5 | Found Jinet's Distillery.
 69113 | Vaults:5 | Bought a potion of curing for 42 gold pieces
 69113 | Vaults:5 | Bought a potion of resistance for 140 gold pieces
 69113 | Vaults:5 | Bought a potion of might for 56 gold pieces
 69113 | Vaults:5 | Bought a potion of haste for 140 gold pieces
 69282 | Vaults:5 | Found Mufero's Jewellery Emporium.
 69324 | Vaults:5 | Identified the +0 buckler "Zeadgh Bibo" {Rampage Str+7
                  | Dex+2} (Okawaru gifted it to you on level 5 of the Vaults)
 69324 | Vaults:5 | Received a gift from Okawaru
 69596 | Vaults:5 | Identified the +0 pair of gloves of Past Mistakes {-Tele
                  | rElec Will+}
 70603 | Zot:5    | Entered Level 5 of the Realm of Zot
 71251 | Zot:5    | Noticed an orb of fire
 71478 | Zot:5    | Gained mutation: You sometimes lose the ability to read
                  | scrolls when taking damage. [an orb of fire]
 71486 | Zot:5    | Gained mutation: You do not regenerate when monsters are
                  | visible. [an orb of fire]
 71496 | Zot:5    | Killed an orb of fire
 71505 | Zot:4    | Lost mutation: You sometimes lose the ability to read
                  | scrolls when taking damage. [potion of mutation]
 71505 | Zot:4    | Lost mutation: You are somewhat resistant to further
                  | mutation. [potion of mutation]
 71505 | Zot:4    | Gained mutation: Your spells are a little harder to cast,
                  | but a little more powerful. [potion of mutation]
 71505 | Zot:4    | Gained mutation: You are somewhat resistant to further
                  | mutation. [potion of mutation]
 71689 | Zot:5    | Noticed an orb of fire
 71905 | Zot:5    | Noticed a dread lich
 71910 | Zot:5    | Killed a dread lich
 71926 | Zot:5    | Noticed an orb of fire
 71930 | Zot:5    | Killed an orb of fire
 71946 | Zot:5    | Killed an orb of fire
 72011 | Zot:5    | Noticed an orb of fire
 72020 | Zot:5    | Noticed an orb of fire
 72025 | Zot:5    | Killed an orb of fire
 72033 | Zot:5    | Noticed an orb of fire
 72039 | Zot:5    | Killed an orb of fire
 72041 | Zot:5    | Gained mutation: You sometimes lose the ability to read
                  | scrolls when taking damage. [an orb of fire]
 72042 | Zot:5    | Killed an orb of fire
 72042 | Zot:5    | Noticed a dread lich
 72064 | Zot:5    | Killed a dread lich
 72065 | Zot:5    | Reached skill level 10 in Dodging
 72075 | Zot:4    | Lost mutation: Your magical capacity is very low. (-20% MP)
                  | [potion of mutation]
 72075 | Zot:4    | Lost mutation: You are agile. (Dex +2) [potion of mutation]
 72075 | Zot:4    | Lost mutation: You sometimes lose the ability to read
                  | scrolls when taking damage. [potion of mutation]
 72075 | Zot:4    | Lost mutation: Your magical capacity is low. (-10% MP)
                  | [potion of mutation]
 72075 | Zot:4    | Gained mutation: Your mind is acute. (Int +2) [potion of
                  | mutation]
 72321 | Zot:5    | Noticed an orb of fire
 72332 | Zot:5    | Killed an orb of fire
 72339 | Zot:5    | Noticed an orb of fire
 72365 | Zot:5    | Killed an orb of fire
 72806 | Zot:5    | Received a gift from Okawaru
 72838 | Zot:5    | Noticed a dread lich
 72858 | Zot:5    | Killed a dread lich
 72916 | Zot:5    | Got the Orb of Zot
 73081 | Zot:1    | Noticed Leruh the pandemonium lord
 73171 | Depths:4 | Noticed Jexkim the pandemonium lord
 73648 | D:$      | Escaped with the Orb!

Illustrated notes

Levels and vault maps discovered:
D:1:      psy_arrival_radial01, layout_loops_ring,
          dreamdust_ecumenical_altar_drowned_temple, corexii_hall_statues_x
D:2:      layout_loops_corners
D:3:      layout_basic, serial_curves, eino_curves_03, eino_curves_04,
          eino_curves_03, eino_curves_02, corexii_hall_statues_l, uniq_jessica,
          uniq_robin
D:4:      layout_gridville, serial_bayou_lagoon_a
D:5:      minmay_razor_zed, layout_rooms, minmay_temple_entry_proselytizer,
          serial_corexii_hall, corexii_hall_statues_i, chequers_hall_statues_y,
          supply_closet_lemuel
D:6:      kennysheep_six_static_rooms, layout_cave_pods, serial_rivers,
          chequers_serial_rivers_marsh, chequers_serial_rivers_small_3,
          chequers_serial_rivers_micro_c, chequers_serial_rivers_room_b,
          chequers_serial_rivers_micro_c, chequers_serial_rivers_large_a
D:7:      layout_loops_cross
D:8:      minmay_blocky_corners, layout_basic
D:9:      layout_roguey, nicolae_uskayaw_dance_studio, orc_0_dummy,
          minmay_misc_feat_more_columns, uniq_harold
D:10:     layout_basic, serial_shops, shop, shop, nicolae_shop_waterfront,
          amcnicky_mini_rare_corridor_liquid, minmay_between, uniq_sonja
D:11:     layout_loops_ring, lair_entry_dummy, serial_rivers,
          chequers_serial_rivers_micro_c, chequers_serial_rivers_small_b,
          chequers_serial_rivers_marsh, chequers_serial_rivers_room_a,
          chequers_serial_rivers_micro_e
D:12:     layout_basic, enter_bailey_5
D:13:     layout_roguey, david_vaults_1, kennysheep_vampire_church, uniq_snorg
D:14:     layout_loops_ring, worms_lemuel
D:15:     grunt_enter_depths_giant_problem, layout_rooms, serial_shops,
          nicolae_shop_stone
Temple:   kilobyte_greek_temple
Lair:1:   layout_big_grid, serial_bayou_ford_a, uniq_gastronok, uniq_urug,
          uniq_nergalle
Lair:2:   layout_cave_pods, spider_nest_entry_funnel_web,
          minmay_stone_trees_small, serial_bayou_pond_e, minmay_lindwurm_lava,
          lemuel_fruit_tree, uniq_maggie
Lair:3:   layout_roguey, nicolae_swamp_entry_splash_gauntlet, ldierk_geyser,
          serial_bayou_lagoon_b
Lair:4:   layout_cave_pods, special_room [special_room_bee], beast_lair_carwin_6
Lair:5:   layout_loops_ring, slime_altar_2, gauntlet_entry_generic,
          infiniplex_staircase_pool_2, uniq_josephine
Lair:6:   cheibrodos_lair_end_hotspot, layout_regular_city, serial_bayou_pond_a
Swamp:1:  layout_basic_swamp, evilmike_swamp_ruin_house_3
Swamp:2:  layout_basic_swamp, wheals_swamp_sinkhole, uniq_aizul
Swamp:3:  layout_basic_swamp, serial_swamp_ruin, evilmike_swamp_ruin_rubble_1,
          evilmike_swamp_ruin_house_5, hangedman_swamp_ruin_hall, swamp_pool5
Swamp:4:  swamp_alternative, layout_basic_swamp, swamp_pool4,
          nicolae_swamp_dense_foliage
Spider:1: layout_spider_delve
Spider:2: layout_chambers, hellmonk_ghost_happy_afterlife,
          nicolae_spider_cling_halls
Spider:3: layout_spider_delve
Spider:4: spider_rune_water
Slime:1:  layout_caves
Slime:2:  layout_caves, nicolae_slime_round_cave
Slime:3:  layout_caves
Slime:4:  layout_caves
Slime:5
Orc:1:    layout_caves, serial_shops, shop_statue, uniq_erolcha, uniq_fannar
Orc:2:    st_orc_town, layout_diamond_mine, basic_altar
Elf:1:    elf_arrival_001, layout_loops_corners, serial_shops,
          nicolae_shop_window_shopping, minmay_elf_annihilation
Elf:2:    elven_hall_of_blades_hangedman_alternative
          [infiniplex_blade_entry_pillars], layout_gridlike,
          nicolae_trove_entry_isolated, uniq_roxanne
Elf:3:    elf_hall, layout_onion_city, serial_shops, nicolae_shop_trees,
          minivault_16, grunt_megastairs_5
Vaults:1: hangedman_vaults_variations, ontoclasm_vaults_pinch,
          hangedman_vaults_unwind, hangedman_vaults_corner_blocks, v_misc_25,
          vaults_room_fours, vaults_room_door_ring, v_misc_23,
          nicolae_vaults_border_crossing, vaults_room_pool,
          nicolae_vaults_little_squares_6, hangedman_vaults_stagger, v_misc_32,
          layout_vaults_omnibox, serial_shops, nicolae_shop_waterfront
Vaults:2: nicolae_vaults_twisting_passages, st_eye,
          minmay_crypt_entry_vampire_xt, vaults_room_grunt_arrival_ludios,
          serial_ice_h, vaults_mumra_lcd, nicolae_vaults_alarming,
          vaults_dpeg_diagonal, layout_vaults_chaotic_city, uniq_asterion,
          uniq_jory
Vaults:3: hellmonk_ghost_big_iron, nicolae_vaults_angled_halls,
          nicolae_vaults_an_arrangement, v_misc_3, nicolae_vaults_big_ls,
          v_misc_23, hangedman_vaults_slice, v_pattern_2,
          dpeg_vaults_monster_row, vaults_room_fours, v_misc_13,
          ontoclasm_vaults_idyll, ontoclasm_vaults_ligature, vaults_room_pool,
          nicolae_vaults_specimen_jars, vaults_dpeg_ring, layout_vaults_ring,
          serial_shops, shop_statue
Vaults:4: hangedman_vaults_nails, nicolae_vaults_big_angled_halls,
          nicolae_vaults_puzzle_piece, nicolae_vaults_stairing_the_circle,
          nicolae_vaults_diagonal_hallway_8, nicolae_vaults_halls_meeting,
          ontoclasm_vaults_twist, v_alt_pattern_4, ontoclasm_vaults_chip,
          nicolae_vaults_mini_display_case, grunt_vaults_funnel,
          layout_vaults_omnicross
Vaults:5
Crypt:1:  minmay_shadows, layout_basic
Crypt:2:  layout_misc_corridors, gammafunk_ghost_abyssal_escape
Crypt:3:  due_elkab, layout_chaotic_city, basic_altar,
          infiniplex_enter_wizlab_water, grunt_ministairs_8, st_stairs_11,
          uniq_boris, uniq_sojobo, uniq_frederick
Depths:1: layout_small_grid, enter_ziggurat_e, serial_shops,
          nicolae_shop_overgrown_old_shop, pf_hell_entry_tar_river,
          minmay_misc_feat_chi, kennysheep_crisscross, kennysheep_dice,
          serial_bayou_shore_a, minmay_shop_grove
Depths:2: minmay_strange_plus, layout_basic, rand_demon_pan_entry_7, hell_entry,
          nicolae_gozag_seed_capital, serial_aquarium,
          aquarium_bridge_long_joined [aquarium_subvault_wall,
          aquarium_subvault_bridge, aquarium_subvault_balcony,
          aquarium_subvault_wall, aquarium_subvault_bridge,
          aquarium_subvault_wall], aquarium_bridge_square
          [aquarium_subvault_bridge, aquarium_subvault_wall,
          aquarium_subvault_bridge, aquarium_subvault_wall],
          aquarium_window_corner, aquarium_window_corner, aquarium_view_2d,
          aquarium_view_2e, aquarium_pool_corner
Depths:3: minmay_the_grid_triangle_9x9_rhombus_full
          [minmay_the_grid_triangle_9x9_zippers_horizontal,
          minmay_the_grid_triangle_9x9_shrine,
          minmay_the_grid_triangle_9x9_intruding_spiral,
          minmay_the_grid_triangle_9x9_windchime,
          minmay_the_grid_triangle_9x9_from_above,
          minmay_the_grid_triangle_9x9_swiss_cheese,
          minmay_the_grid_triangle_9x9_odd_lines,
          minmay_the_grid_triangle_9x9_prize_center], layout_gridville,
          grunt_hell_entry_dis_old, nicolae_abyss_entry_one_way_or_another,
          ashenzari_altar_1
Depths:4: hangedman_slaughterboxes, hell_entry
Zot:1:    kennysheep_ambush_hall, layout_twisted_circle
Zot:2:    lemuel_draconian_sentries, layout_basic, guppyfry_library_mini,
          lemuel_elevator
Zot:3:    layout_gridlike, hangedman_zot_spectrum
Zot:4:    layout_onion_interference, grunt_ministairs_12
Zot:5:    layout_twisted_circle

Skill      XL: |  1  2  3  4  5  6  7  8  9 10 11 12 13 14 15 16 17 18 19 20 21 22 23 24 25 26 27 |
---------------+----------------------------------------------------------------------------------+-----
Polearms       | 1 2 4 6 7 9 10 12 14 15 16 18 | 18.2
Fighting       | 4 5 6 7 8 9 10 12 14 15 16 17 18 20 22 23 25 | 25.4
Shields        | 4 6 7 9 10 13 15 | 15.0
Armour         | 4 5 6 7 9 10 11 16 19 23 | 23.0
Throwing       | 1 2 4 5 6 7 8 10 12 13 14 15 16 18 20 | 20.3
Maces & Flails | 3 4 |  4.1
Stealth        | 1 2 3 |  3.4
Evocations     | 1 3 5 7 8 9 10 11 12 13 | 13.3
Invocations    | 1 2 3 4 6 8 9 10 12 13 | 13.2
Axes           | 11 13 | 13.8
Dodging        | 2 5 10 | 10.8

Action                   |  1- 3 |  4- 6 |  7- 9 | 10-12 | 13-15 | 16-18 | 19-21 | 22-24 | 25-27 || total
-------------------------+-------+-------+-------+-------+-------+-------+-------+-------+-------++-------
Melee: Flail             |    52 |       |       |       |       |       |       |       |       ||    52
       Spear             |    68 |   106 |   460 |   771 |   206 |       |       |       |       ||  1611
       Demon trident     |       |       |       |       |  1059 |  1204 |  1426 |  1780 |   408 ||  5877
       Broad axe         |       |       |       |       |       |       |       |       |  1515 ||  1515
Throw: Dart              |     3 |    52 |    45 |    60 |    15 |    24 |    12 |    11 |       ||   222
       Boomerang         |       |     4 |    59 |    90 |   118 |   230 |   136 |   116 |    98 ||   851
       Javelin           |       |       |       |    40 |   154 |   122 |   185 |    66 |   226 ||   793
Invok: Heroism           |       |       |     4 |    21 |    25 |    26 |    34 |    30 |    98 ||   238
       Finesse           |       |       |       |       |     2 |     1 |       |     4 |    20 ||    27
 Abil: Evoke Blink       |       |       |       |       |       |       |     1 |       |       ||     1
Evoke: Wand              |       |     8 |       |     1 |    13 |     3 |     7 |     1 |     6 ||    39
       Condenser vane    |       |       |       |       |     2 |     1 |     1 |     1 |     4 ||     9
       Lightning rod     |       |       |       |       |       |       |       |       |     5 ||     5
  Use: Scroll            |     3 |     7 |    10 |     2 |    10 |     9 |     4 |     3 |    21 ||    69
       Potion            |       |     1 |     1 |     8 |     5 |     5 |     2 |     5 |    19 ||    46
 Stab: Distracted        |       |       |       |       |     1 |       |     1 |     1 |       ||     3
       Confused          |       |       |       |       |       |     1 |       |       |       ||     1
       Petrified         |       |       |       |       |       |     1 |       |       |       ||     1
       Invisible         |       |       |       |       |       |       |       |     1 |       ||     1
Armor: Scale mail        |    53 |    22 |   227 |       |       |       |       |       |       ||   302
       Plate armour      |       |       |    47 |   516 |   931 |   838 |   574 |   717 |   489 ||  4112
       Gold dragon scale |       |       |       |       |       |       |       |       |   742 ||   742
Dodge: Dodged            |    41 |    32 |   146 |   257 |   371 |   353 |   231 |   276 |   557 ||  2264
Block: Buckler           |    20 |     8 |    91 |   105 |   174 |   249 |       |       |       ||   647
       Kite shield       |       |       |       |       |       |    33 |   638 |   697 |  1220 ||  2588
       Reflection        |       |       |       |       |       |     2 |       |       |       ||     2

Table legend: (Time is in decaauts)
 A = Elapsed time spent in this place.
 B = Non-inter-level travel time spent in this place.
 C = Inter-level travel time spent in this place.
 D = Time resting spent in this place.
 E = Time spent auto-exploring this place.
 F = Levels seen in this place.
 G = Mean time per level.
                   A        B        C        D        E       F      G
               +--------+--------+--------+--------+--------+-----+--------+
         Total |  69972 |  62985 |   6987 |   6647 |  32062 |  60 | 1166.2 |
       Dungeon |  17749 |  15622 |   2127 |   1600 |  10510 |  15 | 1183.3 |
        Temple |     76 |     46 |     30 |      0 |     38 |   1 |   76.0 |
          Lair |   9299 |   8148 |   1151 |    883 |   5305 |   6 | 1549.8 |
         Swamp |   4941 |   4785 |    156 |   1649 |   2170 |   4 | 1235.2 |
   Spider Nest |   3020 |   2854 |    166 |    296 |   1389 |   4 |  755.0 |
    Slime Pits |   1525 |   1524 |      1 |    333 |    260 |   5 |  305.0 |
  Orcish Mines |   1651 |   1389 |    262 |      0 |    792 |   2 |  825.5 |
   Elven Halls |   3372 |   3188 |    184 |      0 |   2165 |   3 | 1124.0 |
        Vaults |   8401 |   7569 |    832 |    347 |   3644 |   5 | 1680.2 |
         Crypt |   4421 |   4155 |    266 |    122 |   2086 |   3 | 1473.7 |
        Depths |   5306 |   4008 |   1298 |    262 |   2441 |   4 | 1326.5 |
           Zot |   9001 |   8492 |    509 |    978 |    964 |   5 | 1800.2 |
         Abyss |    544 |    544 |      0 |     37 |    294 |   2 |  272.0 |
      Gauntlet |    661 |    661 |      0 |    139 |      3 |   1 |  661.0 |
               +--------+--------+--------+--------+--------+-----+--------+

Top non-repeatable levels by time:
Depths:4: 2313 daAuts
   Zot:1: 2177 daAuts
 Crypt:3: 2066 daAuts
   Zot:2: 1979 daAuts
Vaults:2: 1927 daAuts
  Lair:4: 1922 daAuts
Vaults:1: 1912 daAuts
  Lair:1: 1895 daAuts
   Zot:5: 1840 daAuts
 Swamp:1: 1825 daAuts
Depths:2: 1667 daAuts
    D:11: 1666 daAuts
   Zot:3: 1646 daAuts
    D:10: 1639 daAuts
   Elf:3: 1620 daAuts
